 Dungeon Crawl Stone Soup version 0.30-a0-883-g5ad918d77d (webtiles) character file.

Game seed: 6399298919023034934

106 bobarctor the Grave Robber (level 4, -1/30 HPs)
             Began as a Demonspawn Necromancer on Mar 16, 2023.
             Was an Initiate of Okawaru.
             Slain by an orc
             ... wielding a +0 war axe
              (4 damage)
             ... on level 4 of the Dungeon.
             The game lasted 00:08:29 (2253 turns).

bobarctor the Grave Robber (Demonspawn Necromancer) Turns: 2253, Time: 00:08:30

Health: -1/30      AC:  2    Str:  8    XL:     4   Next: 55%
Magic:  2/8        EV: 12    Int: 19    God:    Okawaru [......]
Gold:   109        SH:  0    Dex: 13    Spells: 3/9 levels left

rFire   . . .      SeeInvis .    r - +2 dagger (speed)
rCold   . . .      Faith    .    (no shield)
rNeg    . . .      Spirit   .    a - +0 robe
rPois   .          Reflect  .    (no helmet)
rElec   .          Rampage  .    (no cloak)
rCorr   .                        (no gloves)
Will    .....                    (no boots)
Stlth   ++                       (no amulet)
HPRegen 0.25/turn                (no ring)
MPRegen 0.11/turn                (no ring)

@: no status effects
A: ignite blood 1
a: Renounce Religion


You were on level 4 of the Dungeon.
You worshipped Okawaru.
Okawaru was noncommittal.
You visited 1 branch of the dungeon, and saw 4 of its levels.

You collected 109 gold pieces.

Inventory:

Hand Weapons
 j - a +0 whip
 m - a +0 short sword
 r - a +2 dagger of speed (weapon)
Missiles
 g - 34 stones
 i - 3 silver boomerangs (quivered)
 o - 9 poisoned darts
Armour
 a - a +0 robe (worn)
Jewellery
 y - a ring of positive energy
Scrolls
 c - a scroll of magic mapping {unknown}
 d - a scroll of teleportation {unknown}
 e - 6 scrolls of identify {unknown}
 k - a scroll of noise {unknown}
 l - a scroll of enchant weapon {unknown}
 n - a scroll of amnesia {unknown}
 q - a scroll of fear {unknown}
 u - a scroll of enchant armour {unknown}
 w - a scroll of butterflies {unknown}
 A - a scroll of silence {unknown}
Potions
 b - a potion of magic
 f - a potion of invisibility
 h - a potion of heal wounds {unknown}
 p - a potion of haste {unknown}
 s - a potion of degeneration {unknown}
 t - a potion of might {unknown}
 v - a potion of curing {unknown}
 x - a potion of brilliance {unknown}
 z - a potion of lignification
 B - a potion of cancellation {unknown}


   Skills:
 + Level 1.9 Dodging
 + Level 2.0 Stealth
 * Level 3.1 Spellcasting
 * Level 0.5 Hexes
 + Level 5.4 Necromancy
 * Level 0.5 Ice Magic
 * Level 0.4 Invocations


You had 3 spell levels left.
You knew the following spells:

 Your Spells              Type           Power      Damage    Failure   Level
a - Necrotise             Necr           92%        1d8       1%          1
b - Vampiric Draining     Necr           23%        2d7       4%          3
c - Ensorcelled Hibernat  Hex/Ice        10%        N/A       19%         2

Your spell library contained the following spells:

 Spells                   Type           Power      Damage    Failure   Level
 Portal Projectile        Hex/Tloc       8%         N/A       38%         3
 Spider Form              Tmut/Pois      3%         N/A       41%         3
 Vhi's Electric Charge    Tloc/Air       6%         N/A       41%         3
 Anguish                  Hex/Necr       7%         N/A       41%         4
 Agony                    Necr           23%        N/A       41%         5
 Leda's Liquefaction      Hex/Erth       2%         N/A       80%         4
 Arcjolt                  Conj/Air       1%         1d11      99%         5
 Maxwell's Capacitive Co  Air            1%         ∞         100%        8
 Call Canine Familiar     Summ           Unusable   N/A       N/A         3
 Animate Dead             Necr           Unusable   N/A       N/A         4

Dungeon Overview and Level Annotations

Branches:
Dungeon (4/15)
 Temple: D:4-7

Altars:
Okawaru

Shops:
D:3 (


Innate Abilities, Weirdness & Mutations

Your demonic aura sometimes causes spilled blood to erupt in flames.


Message History

There is a stone staircase leading up here.
The endoplasm freezes you.
You are frozen.
The orc hits you with a +0 war axe! The orc hits you with a +0 hand axe.
The ball python bites you. The ball python grabs you.
You stop ascending the stairs.
The ball python constricts you.
Unknown command.
Unknown command.
Unknown command.
Casting: Necrotise (safe; 1% risk of failure)
Confirm with . or Enter, or press ? or * to list all spells.
Aiming: Vampiric Draining (dangerous; 4% risk of failure)
Press: ? - help, Shift-Dir - straight line, f - ball python
Aim: a ball python (constricting you)
You draw life force from the ball python!
You kill the ball python!
Okawaru accepts your kill.
You feel life coursing into your body. The endoplasm completely misses you.
The orc barely misses you.
Casting: Vampiric Draining (dangerous; 4% risk of failure)
Confirm with . or Enter, or press ? or * to list all spells.
Aiming: Vampiric Draining (dangerous; 4% risk of failure)
Press: ? - help, Shift-Dir - straight line, f - orc priest
Aim: an orc priest, wielding a +0 short sword You draw life force from the orc priest.
You feel life coursing into your body. The orc misses you. x2
The endoplasm hits you but does no damage.
The orc priest hits you with a +0 short sword.
Casting: Vampiric Draining (dangerous; 4% risk of failure)
Confirm with . or Enter, or press ? or * to list all spells.
You don't have enough magic to cast this spell.
Unknown command.
You hit the orc priest.
The orc priest is moderately wounded.
The orc hits you with a +0 hand axe.
The orc priest calls down the wrath of Beogh upon you.
Pain shoots through your body!
* * * LOW HITPOINT WARNING * * *
The orc hits you with a +0 war axe.
You die...

..# ...
..##.. #
...... ..
.... ...
...##....
#....<..#
#o†......
#@o# #Jo#
..## ....
.....
.......
........
#...?....#


You could see an orc priest, 2 orcs and an endoplasm.

Vanquished Creatures
  A hound (D:2)
  An orc wizard (D:3)
  An adder (D:2)
  A worm (D:3)
  An orc (D:3)
  4 ball pythons
  3 endoplasms (D:3)
  2 giant cockroaches (D:2)
  4 goblins
  2 hobgoblins (D:3)
  3 kobolds
  2 quokkas
  2 bats (D:2)
  5 frilled lizards
  3 rats
35 creatures vanquished.

Vanquished Creatures (collateral kills)
  A ball python (D:2)
  A bat (D:3)
2 creatures vanquished.

Vanquished Creatures (others)
  5 fungi (D:3)
  6 plants (D:3)
11 creatures vanquished.

Grand Total: 48 creatures vanquished

Notes
Turn   | Place    | Note
-------+----------+-------------------------------------------
     0 | D:1      | bobarctor the Demonspawn Necromancer began the quest for
                  | the Orb.
     0 | D:1      | Reached XP level 1. HP: 13/13 MP: 3/3
   724 | D:2      | Noticed a hound
   729 | D:2      | Killed a hound
   730 | D:2      | Reached skill level 5 in Necromancy
   730 | D:2      | Gained mutation: Your demonic aura sometimes causes spilled
                  | blood to erupt in flames. [demonic ancestry]
   730 | D:2      | Reached XP level 2. HP: 19/19 MP: 0/5
   730 | D:2      | Reached XP level 3. HP: 24/24 MP: 0/6
   982 | D:2      | Learned a level 3 spell: Vampiric Draining
   985 | D:2      | Learned a level 2 spell: Ensorcelled Hibernation
  1411 | D:3      | Found Ycelasis's Weapon Boutique.
  1790 | D:3      | Reached XP level 4. HP: 30/30 MP: 4/8
  1855 | D:3      | Found an iron altar of Okawaru.
  1900 | D:3      | Became a worshipper of Warmaster Okawaru
  1954 | D:3      | Found a faded altar of an unknown god.
  2253 | D:4      | Slain by an orc

Illustrated notes

Levels and vault maps discovered:
D:1:      sevenhm_arrival_forest_fort_small_3, layout_basic, nrook_campfire
D:2:      layout_loops_ring
D:3:      layout_rooms, overflow_temple_1_default,
          shapermc_ecumenical_altar_mp_ritualfount, serial_shops,
          nicolae_shop_bloodbath_and_beyond
D:4:      layout_cave_pools, nicolae_ru_the_path_less_chosen,
          minmay_temple_entry_glass, ebering_ghost_sewer_d

Skill      XL: |  1  2  3 |
---------------+----------+-----
Necromancy     | 5 |  5.4
Stealth        | 2 |  2.0
Spellcasting   | 3 |  3.1
Dodging        | |  1.9
Hexes          | |  0.5
Ice Magic      | |  0.5
Invocations    | |  0.4

Action                     |  1- 3 |  4- 6 || total
---------------------------+-------+-------++-------
  Melee: Whip              |     1 |       ||     1
         Dagger            |    22 |    46 ||    68
         Short sword       |    17 |       ||    17
   Cast: Necrotise         |    33 |       ||    33
         Vampiric Draining |       |     2 ||     2
    Use: Potion            |       |     2 ||     2
   Stab: Sleeping          |     3 |       ||     3
 Armour: Robe              |     6 |     4 ||    10
         Skin              |       |     2 ||     2
  Dodge: Dodged            |    26 |    12 ||    38

Table legend: (Time is in decaauts)
 A = Elapsed time spent in this place.
 B = Non-inter-level travel time spent in this place.
 C = Inter-level travel time spent in this place.
 D = Time resting spent in this place.
 E = Time spent auto-exploring this place.
 F = Levels seen in this place.
 G = Mean time per level.
                   A        B        C        D        E       F      G
               +--------+--------+--------+--------+--------+-----+--------+
         Total |   2229 |   2182 |     47 |    282 |   1521 |   4 |  557.2 |
       Dungeon |   2229 |   2182 |     47 |    282 |   1521 |   4 |  557.2 |
               +--------+--------+--------+--------+--------+-----+--------+

Top non-repeatable levels by time:
     D:3: 813 daAuts
     D:2: 739 daAuts
     D:1: 669 daAuts
     D:4: 6 daAuts
